 Dungeon Crawl Stone Soup version 0.18.1-48-g4cf74bf (webtiles) character file.

105 inmateoo the Slasher (level 4, -3/28 HPs)
             Began as a High Elf Wanderer on Sept 8, 2016.
             Slain by a scorpion (5 damage)
             ... on level 4 of the Dungeon.
             The game lasted 00:05:32 (3887 turns).

inmateoo the Slasher (High Elf Wanderer)            Turns: 3887, Time: 00:05:33

Health: -3/28      AC:  6    Str: 11    XL:     4   Next: 53%
Magic:  6/6        EV: 12    Int: 14    God:
Gold:   266        SH:  0    Dex: 17    Spells: 0 memorised, 5 levels left

rFire  . . .     SeeInvis .     a - +2 dagger
rCold  . . .     Gourm    .     l - +0 ring mail
rNeg   . . .     Faith    .     (no shield)
rPois  .         Spirit   .     e - +0 helmet
rElec  .         Dismiss  .     (no cloak)
rCorr  .         Reflect  .     (no gloves)
SustAt .         Harm     .     (no boots)
MR     .....                    (no amulet)
Stlth  ++........               (no ring)
                                (no ring)

@: lethally poisoned (-3 -> -12), not resistant to hostile enchantments,
unstealthy
A: no striking features
a: no special abilities


You were on level 4 of the Dungeon.
You were very hungry.

You visited 1 branch of the dungeon, and saw 4 of its levels.

You collected 266 gold pieces.

Inventory:

Hand Weapons
 a - a +2 dagger (weapon)
 c - a +0 falchion
 m - a +0 whip of flaming
Armour
 e - a +0 helmet (worn)
 l - a +0 ring mail (worn)
Magical Staves
 t - an uncursed staff of cold
Scrolls
 h - a scroll of blinking {unknown}
 j - 4 scrolls of remove curse {unknown}
 k - a scroll of magic mapping {unknown}
 n - a scroll of enchant weapon {unknown}
 p - a scroll of noise {unknown}
 r - a scroll of immolation {unknown}
 s - a scroll of identify {unknown}
Potions
 b - a potion of haste
 g - a potion of curing
 o - a potion of magic {unknown}
 q - 2 potions of cure mutation {unknown}
Books
 d - the Papyrus of Evil Secrets

   Spells                             Type                      Level
   a - Pain                           Necromancy                   1
   b - Vampiric Draining              Necromancy                   3
Comestibles
 f - 2 bread rations
 i - 3 meat rations


   Skills:
 + Level 1.5 Fighting
 * Level 3.7 Long Blades
 + Level 1.5 Armour
 + Level 3.0 Dodging
 - Level 2.1 Stealth
   Level 1.0 Shields
 - Level 1.2 Spellcasting
   Level 1.5 Necromancy


You had 5 spell levels left.
You didn't know any spells.

Dungeon Overview and Level Annotations

Branches:
Dungeon (4/15)
 Temple: D:4-7

Altars:
Kikubaaqudgha
Nemelex Xobeh
Vehumet


Message History

You feel sick. The scorpion barely misses you.
You hit the scorpion but do no damage.
The scorpion is severely wounded.
You feel sick. The scorpion stings you.
You hit the scorpion but do no damage.
The scorpion is severely wounded.
You feel sick. The scorpion closely misses you.
You barely miss the scorpion.
The scorpion is severely wounded.
* * * LOW HITPOINT WARNING * * *
You feel sick.
You hit the scorpion.
The scorpion is almost dead.
* * * LOW HITPOINT WARNING * * *
You feel sick. The scorpion stings you.
* * * LOW HITPOINT WARNING * * *
You closely miss the scorpion.
The scorpion is almost dead.
The scorpion stings you.
You die...

# .. #. #.
#.## #...
#..########.#
#...@s.......
##.######.###
#.# #.# #.#
#.. ###


You could see a scorpion.

Vanquished Creatures
  4 adders
  An ooze (D:2)
  A worm (D:2)
  2 dart slugs (D:1)
  A giant gecko (D:1)
  4 orcs (D:3)
  7 bats
  7 goblins
  3 hobgoblins
  7 jackals (D:2)
  5 kobolds
  2 quokkas
  4 giant newts
  5 rats
53 creatures vanquished.

Vanquished Creatures (others)
  An orc (D:3)
  A hobgoblin (D:3)
2 creatures vanquished.

Grand Total: 55 creatures vanquished

Notes
Turn   | Place    | Note
--------------------------------------------------------------
     0 | D:1      | inmateoo the High Elf Wanderer began the quest for the Orb.
     0 | D:1      | inmateoo set off with: a +2 dagger, a potion of haste, a +0 falchion, the Papyrus of Evil Secrets, a +0 robe, a bread ration
     0 | D:1      | Reached XP level 1. HP: 13/13 MP: 3/3
    48 | D:1      | Identified the Papyrus of Evil Secrets
   675 | D:1      | Reached XP level 2. HP: 11/18 MP: 4/4
  1464 | D:2      | Reached XP level 3. HP: 22/23 MP: 5/5
  1476 | D:2      | Reached skill level 1 in Armour
  1703 | D:2      | Found an ancient bone altar of Kikubaaqudgha.
  1703 | D:2      | Found a sparkling altar of Nemelex Xobeh.
  2837 | D:3      | Reached XP level 4. HP: 26/28 MP: 6/6
  2856 | D:3      | Found a faded altar to an unknown god.
  2864 | D:3      | Became a worshipper of Vehumet
  2864 | D:3      | Reached * piety under Vehumet
  2864 | D:3      | Offered knowledge of Magic Dart by Vehumet.
  2864 | D:3      | Fell from the grace of Vehumet
  3887 | D:4      | Slain by a scorpion

Skill      XL: |  1  2  3  4 |
---------------+-------------+-----
Long Blades    | 2 3 |  3.7
Armour         | 1 |  1.5
Dodging        | 3 |  3.0
Fighting       | |  1.5
Stealth        | |  2.1
Shields        | |  1.0
Spellcasting   | |  1.2
Necromancy     | |  1.5

Action                   |  1- 3 |  4- 6 || total
-------------------------+-------+-------++-------
Melee: Dagger            |   177 |    67 ||   244
Invok: Renounce Religion |       |     1 ||     1
  Use: Potion            |     2 |     1 ||     3
 Stab: Sleeping          |     3 |     1 ||     4
  Eat: Chunk             |     7 |     2 ||     9
Armor: Ring mail         |    54 |    15 ||    69
       Robe              |     2 |       ||     2
Dodge: Dodged            |   107 |    35 ||   142
